 Dungeon Crawl Stone Soup version 0.31.0-32-g396128a36d (webtiles) character file.

Game seed: 18325328309246373507

61 PaiMei the Grave Robber (level 3, -3/25 HPs)
             Began as a Demonspawn Necromancer on Apr 19, 2024.
             Killed from afar by Natasha (10 damage)
             ... with a magic dart
             ... on level 3 of the Dungeon.
             The game lasted 00:02:31 (2523 turns).

PaiMei the Grave Robber (Demonspawn Necromancer)    Turns: 2523, Time: 00:02:31

Health: -3/25      AC:  2    Str:  8    XL:     3   Next: 83%
Magic:  0/6        EV: 11    Int: 17    God:
Gold:   199        SH:  4    Dex: 13    Spells: 3/7 levels left

rFire   . . .        c - +0 mace
rCold   + . .        l - +0 buckler
rNeg    . . .        a - +0 robe
rPois   .            (no helmet)
rElec   .            (no cloak)
rCorr   .            (no gloves)
SInv    .            (no boots)
Will    .....        (no amulet)
Stlth   ++           g - ring of protection from cold
HPRegen 0.24/turn    (no ring)
MPRegen 0.20/turn

%: guardian spirit
@: slowed, very slow
A: magic shield, magic regeneration
a: no special abilities


You were on level 3 of the Dungeon.
You visited 1 branch of the dungeon, and saw 3 of its levels.

You collected 199 gold pieces.

Inventory:

Hand Weapons
 c - a +0 mace (weapon)
Missiles
 n - 4 poisoned darts (quivered)
Armour
 a - a +0 robe (worn)
 l - a +0 buckler (worn)
Jewellery
 g - a ring of protection from cold (left hand)
Scrolls
 h - a scroll of poison {unknown}
 i - 2 scrolls of identify {unknown}
 m - a scroll of revelation {unknown}
 o - a scroll of teleportation {unknown}
 p - a scroll of fear {unknown}
 q - a scroll of noise {unknown}
Potions
 b - 3 potions of magic
 d - a potion of invisibility {unknown}
 e - a potion of might {unknown}
 f - 3 potions of enlightenment {unknown}
 j - a potion of attraction {unknown}
 k - 4 potions of curing {unknown}
 r - a potion of haste {unknown}


   Skills:
 + Level 0.7 Fighting
 + Level 2.4 Dodging
 - Level 2.3 Stealth
 + Level 2.6 Spellcasting
 + Level 4.8 Necromancy


You had 3 spell levels left.
You knew the following spells:

 Your Spells              Type           Power      Damage    Failure   Level
a - Necrotise             Necr           72%        1d7       4%          1
b - Vampiric Draining     Necr           18%        2d7       12%         3

Your spell library contained the following spells:

 Spells                   Type           Power      Damage    Failure   Level
 Animate Dead             Necr           18%        N/A       36%         4
 Curse of Agony           Necr           18%        N/A       73%         5


Dungeon Overview and Level Annotations

Branches:
Dungeon (3/15)

Altars:

Shops:
D:3 [

Annotations:
D:3 Natasha


Innate Abilities, Weirdness & Mutations

When hurt, damage is shared between your health and your magic reserves.
You regenerate magic rapidly.


Message History

Casting: Necrotise (safe; 4% risk of failure)
Confirm with . or Enter, or press ? or * to list all spells.
Aiming: Necrotise (safe; 4% risk of failure)
Press: ? - help, Shift-Dir - straight line, f - Natasha
Aim: Natasha (chance to affect: 76%) Natasha writhes in agony.
Natasha howls an incantation.
You feel troubled.
Casting: Necrotise (safe; 4% risk of failure)
Confirm with . or Enter, or press ? or * to list all spells.
Aiming: Necrotise (safe; 4% risk of failure)
Press: ? - help, Shift-Dir - straight line, f/p - Natasha
Aim: Natasha (lightly wounded, chance to affect: 76%) Natasha barely resists.
Natasha claws you.
Casting: Necrotise (safe; 4% risk of failure)
Confirm with . or Enter, or press ? or * to list all spells.
Aiming: Necrotise (safe; 4% risk of failure)
Press: ? - help, Shift-Dir - straight line, f/p - Natasha
Aim: Natasha (lightly wounded, chance to affect: 76%) Natasha barely resists.
Natasha wildly gestures.
Natasha shimmers violently.
Natasha claws you! Natasha closely misses you.
Casting: Necrotise (safe; 4% risk of failure)
Confirm with . or Enter, or press ? or * to list all spells.
Aiming: Necrotise (safe; 4% risk of failure)
Press: ? - help, Shift-Dir - straight line, f/p - Natasha
Aim: Natasha (lightly wounded, chance to affect: 76%) Natasha barely resists.
Natasha claws you.
Casting: Necrotise (safe; 4% risk of failure)
Confirm with . or Enter, or press ? or * to list all spells.
Aiming: Necrotise (safe; 4% risk of failure)
Press: ? - help, Shift-Dir - straight line, f/p - Natasha
Aim: Natasha (lightly wounded, chance to affect: 76%) Natasha writhes in agony.
Natasha claws you.
* * * LOW HITPOINT WARNING * * *
Natasha stares at you and mumbles some strange words.
The magic dart hits you!
You die...
Natasha curls up and begins to purr.

#..<.....##.#
#.####.#.##.# #<#
##.#.##.# . #.#
#..#.##.
#########8...
#.###.##.##.#
#......h...._
#.##.#.#.##.#
#.#######8.8.
#.#.###..##.# #.#
. #..## ##.##.#
#h# #.#.###.###.#
#@#
#....#......####.#
#.###.#####......#
#.# #.# #.######
#.# #.#####.# #.#
#.......#
..###..######
.............
#############


You could see Natasha.

Vanquished Creatures
  An adder (D:2)
  A ribbon worm (D:2)
  An orc (D:3)
  6 ball pythons
  9 endoplasms
  2 giant cockroaches
  7 goblins
  2 hobgoblins
  4 kobolds
  2 quokkas (D:3)
  4 bats
  4 rats
43 creatures vanquished.

Vanquished Creatures (collateral kills)
  A giant cockroach (D:1)
1 creature vanquished.

Grand Total: 44 creatures vanquished

Notes
Turn   | Place    | Note
-------+----------+-------------------------------------------
     0 | D:1      | PaiMei the Demonspawn Necromancer began the quest for the
                  | Orb.
     0 | D:1      | Reached XP level 1. HP: 13/13 MP: 3/3
   162 | D:1      | Gained mutation: You regenerate magic rapidly. [demonic
                  | ancestry]
   162 | D:1      | Reached XP level 2. HP: 19/19 MP: 0/5
  1126 | D:2      | Gained mutation: When hurt, damage is shared between your
                  | health and your magic reserves. [demonic ancestry]
  1126 | D:2      | Reached XP level 3. HP: 24/24 MP: 4/6
  1130 | D:2      | Learned a level 3 spell: Vampiric Draining
  2304 | D:3      | Found Assaugek's Antique Armour Emporium.
  2511 | D:3      | Found a faded altar of an unknown god.
  2511 | D:3      | Noticed Natasha
  2523 | D:3      | Killed from afar by Natasha

Illustrated notes

Levels and vault maps discovered:
D:1:      sevenhm_arrival_forest_fort_large_4, layout_rooms
D:2:      minmay_spotlight, layout_basic
D:3:      layout_loops_ring, lemuel_coloured_pillars_altar,
          ebering_ecumenical_altar_ruins, serial_shops, shop, shop, uniq_natasha

Skill      XL: |  1 |
---------------+----+-----
Stealth        | 2 |  2.3
Dodging        | 2 |  2.4
Fighting       | |  0.7
Spellcasting   | |  2.6
Necromancy     | |  4.8

Action                     || total
---------------------------++-------
  Melee: Mace              ||    22
   Cast: Necrotise         ||    83
 Armour: Robe              ||    25
  Dodge: Dodged            ||    26
  Block: Buckler           ||     2
